Map: Ulrena

Players

Kelazhur - Winner!

  • Race: Terran Terran

JonSnow

  • Race: Zerg Zerg
  • League: Grandmaster

Event: SpawningTool Invitational 1

VOD

https://www.youtube.com/watch?v=y051JGJX31k

Description

Time

  • Played on: May 30, 2016, 9:10 p.m.
  • Length: 5:46

All games in this series

Show
View Real Time Build Order
Export as new Build Order

Kelazhur Terran - Winner!

Build Orders:  

Get SALT Encoding   

  12  0:00  SCV  
  13  0:13  SCV  
  14  0:17  Supply Depot  
  14  0:25  SCV  
  15  0:40  Barracks  
  16  0:47  Barracks  
  15  0:55  SCV  
  16  1:08  SCV  
  17  1:14  Supply Depot  
  17  1:27  Marine, Orbital Command  
  18  1:35  Marine  
  19  1:45  Marine  
  20  1:50  Bunker  
  20  1:54  Marine  
  20  1:55  SCV  
  20  2:00  Bunker  
  22  2:03  Marine  
  22  2:07  SCV  
  24  2:11  Marine  
  25  2:19  Supply Depot, SCV  
  25  2:21  Marine  
  27  2:31  SCV  
  27  2:32  Marine  
  29  2:38  Refinery  
  29  2:39  Marine  
  30  2:47  SCV  
  31  2:51  Command Center  
  31  2:54  Marine  
  32  3:01  Refinery, SCV  
  32  3:02  Marine  
  34  3:12  Marine  
  35  3:26  SCV  
  36  3:31  Marine x2  
  38  3:38  SCV  
  39  3:45  Bunker  
  39  3:51  Factory  
  39  3:56  Supply Depot  
  39  4:02  Marine  
  39  4:03  SCV  
  39  4:06  Marine  
  39  4:09  Orbital Command  
  39  4:15  SCV  
  39  4:20  Marine  
  40  4:26  Marine  
  40  4:27  SCV  
  42  4:38  Marine  
  42  4:44  Bunker, Marine, SCV  
  42  4:52  Starport  
  42  4:53  Factory Tech Lab  
  42  4:54  Starport  
  42  4:56  Marine, SCV  
  44  5:02  Marine  
  44  5:05  Orbital Command  
  45  5:11  SCV  
  46  5:16  Supply Depot  
  46  5:20  Factory Tech Lab  
  46  5:23  SCV  
Show
View Real Time Build Order
Export as new Build Order

JonSnow Zerg 

Build Orders: Hatch First 

Get SALT Encoding   

  12  0:00  Drone  
  13  0:12  Overlord  
  13  0:18  Drone  
  14  0:32  Drone x2  
  14  0:35  Drone  
  17  0:58  Hatchery  
  17  0:59  Drone  
  17  1:03  Drone  
  18  1:11  Drone  
  19  1:14  Extractor  
  18  1:20  Drone  
  20  1:27  Spawning Pool  
  20  1:32  Drone  
  20  1:40  Drone  
  21  1:51  Hatchery  
  19  1:56  Drone  
  20  2:15  Zergling x2  
  20  2:16  Zergling x4  
  20  2:18  Spine Crawler  
  20  2:20  Queen  
  24  2:24  Zergling x2  
  24  2:26  Zergling x2  
  26  2:33  Zergling x4  
  27  2:44  Overlord  
  27  3:00  Zergling x2  
  28  3:07  Zergling x10  
  32  3:14  Queen  
  32  3:16  Extractor  
  32  3:19  Zergling x4  
  35  3:26  Zergling x2  
  35  3:30  Zergling x2  
  35  3:31  Zergling x2  
  35  3:35  Overlord  
  35  3:53  Queen  
  37  3:56  Zergling x10  
  42  4:06  Drone  
  39  4:10  Zergling x4  
  35  4:21  Zergling x2  
  35  4:22  Zergling x2  
  35  4:25  Zergling x6  
  38  4:32  Zergling x2  
  36  4:38  Drone  
  36  4:41  Zergling x2  
  33  4:48  Zergling x2  
  33  4:51  Zergling x2  
  35  4:57  Zergling x2  
  36  5:06  Drone x3  
  36  5:07  Drone  
  42  5:19  Drone x2  
  43  5:28  Zergling x4  
Tags
 
Add a new tag
Caveats
  • Supply blocks, unpowered buildings, or Contaminate may cause inaccurate times.
  • Supply counts are checked every 10 seconds.